 Dungeon Crawl Stone Soup version 0.22-a0-224-g8cf3520 (webtiles) character file.

3056 Amnesiac the Geomancer (level 9, 0/57 HPs)
             Began as a Vampire Earth Elementalist on Feb 19, 2018.
             Was a Follower of Ashenzari.
             Slain by a hog (8 damage)
             ... on level 7 of the Dungeon.
             The game lasted 00:21:12 (9358 turns).

Amnesiac the Geomancer (Vampire Earth Elementalist) Turns: 9358, Time: 00:21:13

Health: 0/57       AC:  4    Str:  7    XL:     9   Next: 57%
Magic:  14/17      EV: 13    Int: 23    God:    Ashenzari [*.....]
Gold:   340        SH:  0    Dex: 15    Spells: 4/21 levels left

rFire    . . .     SeeInvis +   u - +0 dagger (curse)
rCold    + + .     Gourm    .   (no shield)
rNeg     + + +     Faith    .   c - +0 robe
rPois    ∞         Spirit   .   (no helmet)
rElec    .         Reflect  .   y - +0 cloak
rCorr    .         Harm     .   (no gloves)
MR       +....                  C - +0 pair of boots
Stlth    +++++.....             (no amulet)
HPRegen  0.00/turn              t - ring of protection from magic
MPRegen  0.15/turn              F - +3 ring of intelligence

@: bloodless, non-regenerating
A: fangs 3, see invisible, low mp 1, unbreathing
a: Bat Form, Curse Item, Scrying, Renounce Religion


You were on level 7 of the Dungeon.
You worshipped Ashenzari.
Ashenzari was aware of your devotion.
You were bloodless.

You visited 2 branches of the dungeon, and saw 8 of its levels.

You collected 340 gold pieces.

Inventory:

Hand Weapons
 j - a +3 dagger
 u - a cursed +0 dagger (weapon)
 v - a +0 blowgun
Missiles
 b - 145 stones (quivered)
 h - 47 poisoned needles
Armour
 c - a +0 robe (worn)
 y - a +0 cloak (worn)
 C - a +0 pair of boots (worn)
 E - the cursed +0 leather armour of Perfidy {rElec rF- Dex+2 Slay+2}
   (You found it on level 7 of the Dungeon)

   It affects your dexterity (+2).
   It affects your accuracy and damage with ranged weapons and melee attacks
   (+2).
   It makes you vulnerable to fire.
   It insulates you from electricity.
   It has a curse placed upon it.
Jewellery
 f - an uncursed amulet of harm
 m - an uncursed ring of resist corrosion
 t - a ring of protection from magic (left hand)
 D - an uncursed ring of ice
 F - a +3 ring of intelligence (right hand)
 H - an uncursed ring of ice
Wands
 q - a wand of paralysis (13)
 I - a wand of disintegration (21)
Scrolls
 a - 9 scrolls of remove curse {!r}
 e - 3 scrolls of teleportation {!r, unknown}
 i - 4 scrolls of enchant armour {!r, unknown}
 n - 3 scrolls of enchant weapon {!r, unknown}
 o - a scroll of magic mapping {!r, unknown}
 s - 3 scrolls of identify {!r, unknown}
 w - a scroll of blinking {!r, unknown}
 x - a scroll of summoning {!r, unknown}
 z - a scroll of random uselessness {!r, unknown}
 A - a scroll of amnesia {!r, unknown}
 B - a scroll of noise {!r, unknown}
Potions
 d - 17 potions of blood {!q}
 g - a potion of magic {!q, unknown}
 k - 3 potions of curing {!q, unknown}
 l - a potion of heal wounds {!q}
 p - a potion of resistance {!q, unknown}
 r - a potion of might {!q, unknown}
 G - a potion of lignification {!q, unknown}


   Skills:
 - Level 4.0 Short Blades
 - Level 2.1 Dodging
 - Level 4.0 Stealth
 + Level 6.8 Spellcasting
 + Level 5.3 Necromancy
 - Level 6.0 Transmutations
 - Level 8.0 Earth Magic


You had 4 spell levels left.
You knew the following spells:

 Your Spells              Type           Power        Failure   Level  Hunger
a - Sandblast             Erth           #####.       1%          1    None
b - Passwall              Tmut/Erth      #####.....   1%          2    None
c - Dispel Undead         Necr           ####....     24%         5    #####..
d - Lee's Rapid Deconstr  Erth           #####.....   8%          5    #####..
e - Petrify               Tmut/Erth      #####...     4%          4    ###....


Dungeon Overview and Level Annotations

Branches:
Dungeon (7/15)             Temple (1/1) D:5

Altars:
Ashenzari
Cheibriados
Dithmenos
Elyvilon
Fedhas
Gozag
Hepliaklqana
Kikubaaqudgha
Makhleb
Nemelex Xobeh
Okawaru
Qazlal
Ru
Sif Muna
Trog
Uskayaw
Vehumet
Wu Jian
Xom
Yredelemnul
The Shining One

Shops:
D:5 ?


Innate Abilities, Weirdness & Mutations

You do not heal naturally.
You are immune to poison.
You have razor-sharp teeth.
You have supernaturally acute eyesight. (SInv)
You can survive without breathing.
Your magical capacity is low. (-10% MP)


Message History

Casting: Sandblast (safe; 1% risk of failure)
Confirm with . or Enter, or press ? or * to list all spells.
Aiming: Sandblast (safe; 1% risk of failure)
Press: ? - help, Shift-Dir - straight line, f/p - jelly
Aim: a jelly (lightly wounded)
The blast of sand hits the jelly.
The jelly is almost dead.
b - 146 stones The jelly closely misses you.
Unknown command.
Casting: Sandblast (safe; 1% risk of failure)
Confirm with . or Enter, or press ? or * to list all spells.
Aiming: Sandblast (safe; 1% risk of failure)
Press: ? - help, Shift-Dir - straight line, f/p - jelly
Aim: a jelly (almost dead)
The blast of sand hits the jelly.
You kill the jelly!
b - 145 stones Unknown command.
You start resting.
Magic restored.
You start resting.
Magic restored.
Casting: Sandblast (safe; 1% risk of failure)
Confirm with . or Enter, or press ? or * to list all spells.
Which direction?
Something is blocking your path through the rock.
Unknown command.
Casting: Passwall (safe; 1% risk of failure)
Confirm with . or Enter, or press ? or * to list all spells.
Which direction?
Something is blocking your path through the rock.
Unknown command.
You start resting.
Magic restored.
Casting: Passwall (safe; 1% risk of failure)
Confirm with . or Enter, or press ? or * to list all spells.
Which direction?
You begin to meditate on the wall.
You continue meditating on the rock. x2
You finish merging with the rock.
Found a +0 rapier, 3 rations and a scroll labeled KESEUR SURPHU. 3 hogs, a yak and a human come into view.
The helpless hog fails to defend itself.
You bite the hog, and draw its blood!
You feel better.
You feel slightly less thirsty.
You impale the hog!!
The hog is almost dead.
The hog squeals angrily.
The hog bites you.
* * * LOW HITPOINT WARNING * * *
The hog closely misses you.
Casting: Passwall (safe; 1% risk of failure)
Confirm with . or Enter, or press ? or * to list all spells.
Which direction?
The hog completely misses you. The hog bites you!
* * * LOW HITPOINT WARNING * * *
You begin to meditate on the wall.
You continue meditating on the rock.
The hog bites you but does no damage. The hog bites you.
* * * LOW HITPOINT WARNING * * *
The hog barely misses you.
You continue meditating on the rock.
The hog misses you. The hog bites you.
* * * LOW HITPOINT WARNING * * *
The hog barely misses you. x2; The hog bites you!
You die...

#....# ##..........#... #....#
######.)........#... #..).####
#....>.............. .
#.....).####.#######.......#...
.##....##...#..+...%?#.......#...
....#.#####)...#....%#.......####
##.............###'####.####.#
##............#hhp..#.%# #.#
##......##...#@hY.)#.## #.#
###...###......#######.# #.#
(...#.....###........### ##.####
##...(###............######......
#...............(.....)(.##.)....
#.........................)......
....................#######......
##..........#.........#######...#
####.######...............####.#


You could see a yak, 3 hogs and a human.

Vanquished Creatures
  A hippogriff (D:7)
  2 hungry ghosts (D:7)
  Menkaure (D:7)
  Duvessa (D:6)
  An orc warrior (D:6)
  2 sky beasts
  2 phantoms
  6 centaurs
  A big kobold (D:7)
  3 bullfrogs
  Dowan (D:6)
  A scorpion (D:5)
  2 wights (D:7)
  A centaur zombie (D:5)
  2 crimson imps
  A bullfrog zombie (D:6)
  2 jellies (D:7)
  2 hounds
  4 orc wizards
  Crazy Yiuf (D:2)
  4 orc priests
  A gnoll shaman (D:5)
  Jessica (D:2)
  4 worker ants
  A worker ant zombie (D:6)
  8 gnolls
  12 adders
  4 shadow imps
  An ooze (D:1)
  2 adder zombies (D:5)
  2 worms
  2 leopard geckos
  22 orcs
  3 giant cockroaches
  3 hobgoblins
  8 jackals
  2 quokkas (D:3)
  4 ball pythons
  5 bats
  7 frilled lizards
  12 goblins
  9 kobolds
  8 rats
162 creatures vanquished.

Notes
Turn   | Place    | Note
-------+----------+-------------------------------------------
     0 | D:1      | Amnesiac the Vampire Earth Elementalist began the quest for the Orb.
     0 | D:1      | Reached XP level 1. HP: 13/13 MP: 3/3
   317 | D:2      | Reached XP level 2. HP: 19/19 MP: 0/5
   419 | D:3      | Found a hide-covered altar of Uskayaw.
   430 | D:3      | Reached XP level 3. HP: 24/24 MP: 0/6
   437 | D:3      | Learned a level 2 spell: Passwall
   547 | D:4      | Found a sacrificial altar of Ru.
   554 | D:4      | Found a radiant altar of Vehumet.
  1026 | D:4      | Found an ornate altar of the Wu Jian Council.
  1269 | D:5      | Entered Level 5 of the Dungeon
  1290 | D:4      | Reached skill level 4 in Earth Magic
  1306 | D:4      | Reached XP level 4. HP: 25/30 MP: 0/8
  1392 | D:4      | You are sucked into a shaft!
  1529 | D:4      | Learned a level 4 spell: Petrify
  2165 | D:5      | Reached skill level 5 in Earth Magic
  2179 | D:5      | Reached XP level 5. HP: 27/35 MP: 0/9
  2373 | D:5      | Found a sparkling altar of Nemelex Xobeh.
  2416 | D:5      | Noticed a sky beast
  2419 | D:5      | Found Ticw's Magic Scroll Emporium.
  2424 | D:5      | Killed a sky beast
  2454 | D:5      | Reached XP level 6. HP: 35/41 MP: 7/11
  2483 | D:5      | Reached skill level 1 in Short Blades
  2612 | D:5      | Found a staircase to the Ecumenical Temple.
  2624 | Temple   | Entered the Ecumenical Temple
  2663 | Temple   | Became a worshipper of Ashenzari the Shackled
  2720 | D:5      | Learned a level 5 spell: Lee's Rapid Deconstruction
  3515 | D:2      | Found a white marble altar of Elyvilon.
  3597 | D:1      | Reached skill level 6 in Earth Magic
  3597 | D:1      | Reached XP level 7. HP: 15/46 MP: 0/12
  3783 | D:2      | Noticed Jessica
  3790 | D:2      | Killed Jessica
  3869 | D:2      | Found a runed door.
  3966 | D:2      | Found an iron altar of Okawaru.
  4371 | D:2      | Noticed Crazy Yiuf
  4378 | D:2      | Killed Crazy Yiuf
  4980 | D:3      | Found a blossoming altar of Fedhas.
  6785 | D:6      | Reached * piety under Ashenzari
  6834 | D:6      | Reached skill level 7 in Earth Magic
  7014 | D:5      | Gained mutation: Your magical capacity is low. (-10% MP) [mutagenic glow]
  7725 | D:6      | Reached XP level 8. HP: 46/52 MP: 1/13
  8201 | D:6      | Found a bloodstained altar of Trog.
  8209 | D:6      | Reached skill level 5 in Spellcasting
  8252 | D:6      | Reached skill level 8 in Earth Magic
  8260 | D:6      | Noticed Duvessa
  8262 | D:6      | Noticed Dowan
  8267 | D:6      | Killed Duvessa
  8270 | D:6      | Killed Dowan
  8278 | D:6      | Found a shimmering altar of Xom.
  8354 | D:6      | Found a glowing golden altar of the Shining One.
  8405 | D:6      | Learned a level 5 spell: Dispel Undead
  8426 | D:6      | Reached skill level 5 in Transmutations
  8463 | D:6      | Reached skill level 1 in Necromancy
  8584 | D:6      | Found a basalt altar of Yredelemnul.
  8586 | D:6      | Noticed a profane servitor
  8708 | D:6      | Noticed an angel
  8749 | D:7      | Reached XP level 9. HP: 43/57 MP: 10/15
  8760 | D:7      | Got the cursed leather armour of Perfidy {rElec rF- Dex+2 Slay+2}
  8829 | D:7      | Noticed Menkaure
  8857 | D:7      | Killed Menkaure
  9204 | D:7      | Reached skill level 5 in Necromancy
  9358 | D:7      | Slain by a hog

Vault maps used:
D:1:      shiori_arrival_elements, serial_bayou_lagoon_a, due_unseen_surprise
D:2:      elyvilon_altar_5, lemuel_crystal_altar, first_ration, uniq_jessica,
          uniq_crazy_yiuf_cottage
D:3:      nicolae_overflow_crystal_walls, fedhas_altar_2
D:4:      overflow_temple_1_default, grunt_temple_overflow_open
D:5:      nemelex_altar_shiori, minmay_temple_entry_fiery, serial_shops,
          shop_fountains
D:6:      grunt_temple_overflow_holy_war, brannock_xom_greatest_gift,
          bloody_trog, uniq_duvessa
D:7:      grunt_livestock, lemuel_tele_altar, uniq_menkaure
Temple:   eino_wide_crystal_templ

Skill      XL: |  1  2  3  4  5  6  7  8  9 |
---------------+----------------------------+-----
Earth Magic    | 4 5 6 7 8 |  8.0
Spellcasting   | 3 4 5 6 |  6.8
Short Blades   | 4 |  4.0
Stealth        | 4 |  4.0
Transmutations | 2 6 |  6.0
Necromancy     | 2 5 |  5.3
Dodging        | |  2.1

Action                   |  1- 3 |  4- 6 |  7- 9 || total
-------------------------+-------+-------+-------++-------
Melee: Unarmed           |    21 |     1 |       ||    22
       Bite              |     3 |     4 |    21 ||    28
       Dagger            |     1 |    98 |   245 ||   344
Throw: Stone             |       |       |     1 ||     1
 Cast: Sandblast         |    16 |    51 |    64 ||   131
       Passwall          |       |     7 |    14 ||    21
       Petrify           |       |     5 |    70 ||    75
       Lee's Rapid Decon |       |     1 |     3 ||     4
 Abil: End Transformatio |     1 |     2 |     1 ||     4
       Bat Form          |     1 |     2 |     1 ||     4
  Use: Potion            |       |     3 |     4 ||     7
 Stab: Sleeping          |     1 |    13 |    22 ||    36
       Petrified         |       |     3 |    49 ||    52
       Petrifying        |       |     1 |     4 ||     5
       Distracted        |       |       |     2 ||     2
Armor: Robe              |     4 |    11 |    53 ||    68
Dodge: Dodged            |    33 |    54 |   161 ||   248

Table legend:
 A = Spawn XP
 B = Non-spawn XP
 C = Spawn XP percentage of total XP
 D = Spawn monster count
 E = Non-spawn monster count
 F = Spawn count percentage of total count
 G = Total turns spent on level
                    A         B        C        D         E        F      G
               +---------+---------+-------+---------+---------+-------+---------
         Total |       0 |    4367 |   0.0 |       0 |     162 |   0.0 |  9358
               +---------+---------+-------+---------+---------+-------+---------
           D:1 |       0 |     163 |   0.0 |       0 |      22 |   0.0 |  1118
           D:2 |       0 |     135 |   0.0 |       0 |      16 |   0.0 |   914
           D:3 |       0 |      60 |   0.0 |       0 |      22 |   0.0 |   742
           D:4 |       0 |     156 |   0.0 |       0 |      13 |   0.0 |  2298
           D:5 |       0 |     768 |   0.0 |       0 |      25 |   0.0 |  2050
           D:6 |       0 |    1285 |   0.0 |       0 |      36 |   0.0 |  1550
           D:7 |       0 |    1800 |   0.0 |       0 |      28 |   0.0 |   629
               +---------+---------+-------+---------+---------+-------+---------
